MINNESOTA vs CALGARY

Created - January-25-21 at 13:45

Goals
1 2 3 T
MINNESOTA 1 0 0 1
CALGARY 3 0 1 4
Shots
1 2 3 T
MINNESOTA 14 7 6 27
CALGARY 10 6 12 28

1st period

1. CALGARY , Drake Caggiula 1 (Derick Brassard 2, Jaccob Slavin 5) at 4:11
2. CALGARY , Elias Pettersson 6 (Tyler Bertuzzi 8) at 5:45
3. CALGARY , Derick Brassard 3 (Markus Nutivaara 4) at 13:09
4. MINNESOTA , Brett Kulak 2 (Colin White 2, Dominik Kahun 4) at 17:23

Penalties :
Mitchell Marner (CGY) for Interference (Minor) at 1:42, Nikita Kucherov (MIN) for Charging (Minor) at 10:49, Mikhail Sergachev (CGY) for Tripping (Minor) at 13:31

2nd period

No Goal

Penalties :
Jamie Benn (CGY) for Interference (Minor) at 2:38, Jamie Benn (CGY) for Hooking (Minor) at 7:14, Mikhail Sergachev (CGY) for Roughing (Minor) at 14:39, William Carrier (MIN) for Tripping (Minor) at 17:14

3rd period

5. CALGARY , Elias Pettersson 7 (Patrik Laine 3, Jake Gardiner 8) at 0:43

Penalties :
Oliver Ekman-Larsson (MIN) for Goalie Interference (Minor) at 6:11, Mark Giordano (MIN) for Hooking (Minor) at 18:51

Goalie Stats

Andrei Vasilevskiy (MIN), 24 saves from 28 shots - (0.857), L, 8-3-0, 60:00 minutes
Anders Nilsson (CGY), 26 saves from 27 shots - (0.963), W, 1-0-0, 60:00 minutes

Players Stats for MINNESOTA

Player Name              G  A  P  +/- PIM S  H  SB GA TA FO     MP     PP MP  PK MP  
------------------------------------------------------------------------------------
Brett Kulak              1  0  1   0  0   1  0  0  0  0  0/0    15:53   0:33   2:45 
Colin White              0  1  1   1  0   1  1  0  0  0  4/12   11:06   0:00   0:00 
Dominik Kahun            0  1  1   1  0   0  1  0  0  0  1/1    13:37   2:13   0:18 
Erik Karlsson            0  0  0   0  0   1  1  0  0  0  0/0    24:25   5:19   4:25 
Gerald Mayhew            0  0  0   1  0   0  1  0  0  0  1/1    11:39   0:33   0:00 
Johan Larsson            0  0  0  -1  0   0  0  0  0  0  7/16   10:31   0:00   4:49 
Kyle Connor              0  0  0  -1  0   7  2  0  0  0  0/1    18:31   5:32   0:00 
Mark Giordano            0  0  0   0  2   1  2  0  0  0  0/0    23:25   4:03   3:25 
Mats Zuccarello          0  0  0  -2  0   0  1  1  0  0  1/1    15:11   0:00   1:58 
Matt Calvert             0  0  0  -1  0   1  0  0  0  0  1/2    10:17   0:00   4:35 
Nikita Kucherov          0  0  0  -1  2   6  4  0  0  0  0/0    18:30   5:32   0:00 
Niklas Hjalmarsson       0  0  0  -3  0   0  1  0  0  0  0/0    18:02   0:00   3:35 
Oliver Ekman-Larsson     0  0  0  -3  2   2  6  0  0  0  0/0    19:02   4:36   0:00 
Tanner Pearson           0  0  0  -2  0   0  0  0  0  0  1/1    17:27   4:14   0:00 
Tomas Hertl              0  0  0  -1  0   2  1  0  0  0  12/30  20:49   7:18   0:32 
Torey Krug               0  0  0   0  0   0  2  1  0  0  0/0    19:11   5:19   0:00 
William Carrier          0  0  0  -1  2   1  3  0  0  0  0/0     5:50   0:09   0:00 
Zach Hyman               0  0  0  -2  0   4  3  0  0  0  4/14   19:25   4:14   1:58 

Players Stats for CALGARY

Player Name              G  A  P  +/- PIM S  H  SB GA TA FO     MP     PP MP  PK MP  
------------------------------------------------------------------------------------
Blake Coleman            0  0  0   0  0   0  1  0  0  0  0/2    13:14   0:21   5:31 
Brock Boeser             0  0  0  -1  0   0  1  0  0  0  1/1    17:08   3:45   0:00 
Chris Tierney            0  0  0   0  0   1  0  0  0  0  7/10   13:24   2:54   3:08 
Derick Brassard          1  1  2   2  0   5  0  0  0  0  6/8     9:31   0:00   1:01 
Drake Caggiula           1  0  1   2  0   2  1  0  0  0  0/1     9:48   0:00   1:18 
Elias Pettersson         2  0  2   2  0   5  2  0  0  0  14/25  20:00   3:24   2:51 
Jaccob Slavin            0  1  1   0  0   2  0  1  0  0  0/0    23:54   3:50   5:01 
Jake Gardiner            0  1  1   2  0   0  2  1  0  0  0/0    15:19   0:21   0:05 
Jamie Benn               0  0  0  -1  4   1  1  1  0  0  17/25  19:54   3:20   3:13 
Joel Kellman             0  0  0   2  0   3  0  0  0  0  0/0     8:30   0:00   0:00 
Markus Nutivaara         0  1  1   1  0   0  0  2  0  0  0/0    15:30   0:21   2:05 
Matt Nieto               0  0  0   0  0   1  0  0  0  0  0/1     7:22   0:00   0:00 
Mikhail Sergachev        0  0  0   2  4   2  3  2  0  0  0/0    21:30   3:50   2:49 
Mitchell Marner          0  0  0  -1  2   2  0  0  0  0  1/1    16:42   3:20   0:00 
Patrik Laine             0  1  1   2  0   2  0  0  0  0  0/1    17:30   3:45   0:00 
Rasmus Dahlin            0  0  0   0  0   1  2  1  0  0  0/0    22:53   2:54   4:56 
Tyler Bertuzzi           0  1  1   2  0   1  1  1  0  0  1/4    19:53   3:20   2:48 
Zach Bogosian            0  0  0   1  0   0  1  1  0  0  0/0    17:58   0:00   4:54 

3 Stars

1 - Elias Pettersson (CGY)
2 - Derick Brassard (CGY)
3 - Drake Caggiula (CGY)

Power Play

MINNESOTA - 0 on 5 Attempt(s) - 0.00%
CALGARY - 0 on 4 Attempt(s) - 0.00%

Penalty Kill

MINNESOTA - 4 on 4 Attempt(s) - 100.00% - Score 0 goal in Penalty Kill
CALGARY - 5 on 5 Attempt(s) - 100.00% - Score 0 goal in Penalty Kill

Team Stat

MINNESOTA - Hits : 29 - Faceoff Wins : 32 - Blocked Shots : 2 - Penalty Minutes : 8
CALGARY - Hits : 15 - Faceoff Wins : 47 - Blocked Shots : 10 - Penalty Minutes : 10

Official

Referees : Troy Paterson and Brian Pochmara
Linesman : Darren Gibbs and Tony Sericolo

Game Notes

No Game Note

Finance

Level 1 -- Attendance: 5782 (96.37%) -- Ticket Income $462,560
Level 2 -- Attendance: 5000 (100.00%) -- Ticket Income $250,000
Level 3 -- Attendance: 1998 (99.90%) -- Ticket Income $59,940
Level 4 -- Attendance: 4000 (100.00%) -- Ticket Income $40,000
Luxury Box -- Attendance: 913 (91.30%) -- Ticket Income $159,775
Game was played at the Saddledome.
Total Attendance: 17693 (98.29%)
Total Ticket Income: $972,275
Total Income: $972,275

MINNESOTA

5 vs 5 Forward 
   Center                   Left Wing                Right Wing               Time % Phy DF OF 
 1 Tomas Hertl              Kyle Connor              Nikita Kucherov          37     0   2  3  
 2 Zach Hyman               Tanner Pearson           Mats Zuccarello          33     1   2  2  
 3 Colin White              Dominik Kahun            Gerald Mayhew            20     1   3  1  
 4 Johan Larsson            William Carrier          Matt Calvert             10     2   3  0  

5 vs 5 Defense 
   Defense                  Defense                                           Time % Phy DF OF 
 1 Mark Giordano            Erik Karlsson                                     35     1   2  2  
 2 Oliver Ekman-Larsson     Niklas Hjalmarsson                                30     1   2  2  
 3 Brett Kulak              Torey Krug                                        25     1   2  2  
 4 Torey Krug               Mark Giordano                                     10     0   2  3  

PowerPlay Forward 
   Center                   Left Wing                Right Wing               Time % Phy DF OF 
 1 Tomas Hertl              Nikita Kucherov          Kyle Connor              60     0   1  4  
 2 Tomas Hertl              Tanner Pearson           Zach Hyman               40     1   1  3  

PowerPlay Defense
   Defense                  Defense                                           Time % Phy DF OF 
 1 Torey Krug               Erik Karlsson                                     60     0   1  4  
 2 Oliver Ekman-Larsson     Mark Giordano                                     40     1   1  3  

Penalty Kill 4 Players Forward 
   Center                   Wing                     Time % Phy DF OF 
 1 Johan Larsson            Matt Calvert             60     1   3  1  
 2 Zach Hyman               Mats Zuccarello          40     1   3  1  

Penalty Kill 4 Players Defense
   Defense                  Defense                  Time % Phy DF OF 
 1 Mark Giordano            Erik Karlsson            60     1   3  1  
 2 Niklas Hjalmarsson       Brett Kulak              40     1   4  0  

Penalty Kill - 3 Players Forward 
   Forward                                           Time % Phy DF OF 
 1 Johan Larsson                                     60     1   4  0  
 2 Matt Calvert                                      40     1   4  0  

Penalty Kill - 3 Players Defense
   Defense                  Defense                  Time % Phy DF OF 
 1 Mark Giordano            Niklas Hjalmarsson       60     1   4  0  
 2 Oliver Ekman-Larsson     Mats Zuccarello          40     1   4  0  

4 vs 4 Forward 
   Center                   Wing                     Time % Phy DF OF 
 1 Johan Larsson            Nikita Kucherov          60     1   2  2  
 2 Colin White              Kyle Connor              40     1   1  3  

4 vs 4 Defense
   Defense                  Defense                  Time % Phy DF OF 
 1 Mark Giordano            Torey Krug               60     1   2  2  
 2 Oliver Ekman-Larsson     Erik Karlsson            40     1   2  2  

Last Minutes Offensive
   Center                   Left Wing                Right Wing               Defense                  Defense                  
   Tomas Hertl              Kyle Connor              Nikita Kucherov          Torey Krug               Erik Karlsson            

Last Minutes Defensive
   Center                   Left Wing                Right Wing               Defense                  Defense                  
   Tomas Hertl              Tanner Pearson           Matt Calvert             Mark Giordano            Niklas Hjalmarsson       

Goaltenders
Starting : Andrei Vasilevskiy       
Backup : Gilles Senn              

Extra Forwards
Normal : Tomas Hertl, Zach Hyman, Nikita Kucherov - PP : Zach Hyman, Nikita Kucherov - PK : Tomas Hertl
Extra Defensemen
Normal : Oliver Ekman-Larsson, Erik Karlsson, Mark Giordano - PP : Torey Krug - PK : Niklas Hjalmarsson, Mark Giordano
Penalty Shots
Nikita Kucherov, Mats Zuccarello, Kyle Connor, Tomas Hertl, Tanner Pearson

Scratches
MIN Cap Hit (Healthy), John Tavares (Suspend)

CALGARY

5 vs 5 Forward 
   Center                   Left Wing                Right Wing               Time % Phy DF OF 
 1 Elias Pettersson         Tyler Bertuzzi           Patrik Laine             40     1   1  3  
 2 Jamie Benn               Mitchell Marner          Brock Boeser             40     1   1  3  
 3 Chris Tierney            Blake Coleman            Matt Nieto               10     1   2  2  
 4 Derick Brassard          Joel Kellman             Drake Caggiula           10     2   3  0  

5 vs 5 Defense 
   Defense                  Defense                                           Time % Phy DF OF 
 1 Jaccob Slavin            Rasmus Dahlin                                     35     1   1  3  
 2 Jake Gardiner            Mikhail Sergachev                                 30     1   2  2  
 3 Markus Nutivaara         Zach Bogosian                                     25     3   2  0  
 4 Rasmus Dahlin            Jaccob Slavin                                     10     1   2  2  

PowerPlay Forward 
   Center                   Left Wing                Right Wing               Time % Phy DF OF 
 1 Elias Pettersson         Patrik Laine             Brock Boeser             62     0   1  4  
 2 Jamie Benn               Tyler Bertuzzi           Mitchell Marner          38     0   1  4  

PowerPlay Defense
   Defense                  Defense                                           Time % Phy DF OF 
 1 Mikhail Sergachev        Jaccob Slavin                                     64     1   2  2  
 2 Chris Tierney            Rasmus Dahlin                                     36     1   2  2  

Penalty Kill 4 Players Forward 
   Center                   Wing                     Time % Phy DF OF 
 1 Jamie Benn               Blake Coleman            60     1   4  0  
 2 Chris Tierney            Tyler Bertuzzi           40     1   4  0  

Penalty Kill 4 Players Defense
   Defense                  Defense                  Time % Phy DF OF 
 1 Jaccob Slavin            Rasmus Dahlin            60     1   4  0  
 2 Zach Bogosian            Mikhail Sergachev        40     1   4  0  

Penalty Kill - 3 Players Forward 
   Forward                                           Time % Phy DF OF 
 1 Blake Coleman                                     60     1   4  0  
 2 Chris Tierney                                     40     1   4  0  

Penalty Kill - 3 Players Defense
   Defense                  Defense                  Time % Phy DF OF 
 1 Jaccob Slavin            Rasmus Dahlin            60     1   4  0  
 2 Zach Bogosian            Mikhail Sergachev        40     1   4  0  

4 vs 4 Forward 
   Center                   Wing                     Time % Phy DF OF 
 1 Elias Pettersson         Patrik Laine             60     1   1  3  
 2 Jamie Benn               Mitchell Marner          40     1   1  3  

4 vs 4 Defense
   Defense                  Defense                  Time % Phy DF OF 
 1 Jaccob Slavin            Rasmus Dahlin            60     0   1  4  
 2 Tyler Bertuzzi           Mikhail Sergachev        40     0   1  4  

Last Minutes Offensive
   Center                   Left Wing                Right Wing               Defense                  Defense                  
   Jamie Benn               Brock Boeser             Mitchell Marner          Jaccob Slavin            Rasmus Dahlin            

Last Minutes Defensive
   Center                   Left Wing                Right Wing               Defense                  Defense                  
   Jamie Benn               Elias Pettersson         Mitchell Marner          Jaccob Slavin            Rasmus Dahlin            

Goaltenders
Starting : Anders Nilsson           
Backup : Jack Campbell            

Extra Forwards
Normal : Chris Tierney, Blake Coleman, Derick Brassard - PP : Chris Tierney, Blake Coleman - PK : Elias Pettersson
Extra Defensemen
Normal : Jake Gardiner, Jaccob Slavin, Rasmus Dahlin - PP : Jake Gardiner - PK : Markus Nutivaara, Mikhail Sergachev
Penalty Shots
Mitchell Marner, Jamie Benn, Elias Pettersson, Brock Boeser, Chris Tierney

Scratches
CGY Cap Hit (Suspend), Shane Bowers (Healthy)

% Time on Ice - MINNESOTA

Lines # - Real PCT - Wanted PCT - Time Play
Normal Forward
1 - 30% - 37% - 12:59
2 - 31% - 33% - 13:13
3 - 26% - 20% - 11:06
4 - 13% - 10% - 5:42
Normal Defense
1 - 34% - 35% - 14:41
2 - 34% - 30% - 14:27
3 - 29% - 25% - 12:35
4 - 3% - 10% - 1:17
PP Forward
1 - 57% - 60% - 5:41
2 - 43% - 40% - 4:14
PP Defense
1 - 54% - 60% - 5:19
2 - 46% - 40% - 4:36
PK Forward
1 - 72% - 60% - 5:07
2 - 28% - 40% - 1:58
PK Defense
1 - 62% - 60% - 4:25
2 - 38% - 40% - 2:40
PK3 Forward
1 - 0% - 60%
2 - 0% - 40%
PK3 Defense
1 - 0% - 60%
2 - 0% - 40%
44 Forward
1 - 0% - 60%
2 - 0% - 40%
44 Defense
1 - 0% - 60%
2 - 0% - 40%
Last Minute Offensive  - 0:00
Last Minute Defensive  - 0:00
Total
Forward - 60:00
Defense - 60:00

% Time on Ice - CALGARY

Lines # - Real PCT - Wanted PCT - Time Play
Normal Forward
1 - 32% - 40% - 13:45
2 - 31% - 40% - 13:23
3 - 17% - 10% - 7:22
4 - 20% - 10% - 8:30
Normal Defense
1 - 32% - 35% - 13:48
2 - 35% - 30% - 14:53
3 - 30% - 25% - 13:04
4 - 3% - 10% - 1:15
PP Forward
1 - 53% - 62% - 3:45
2 - 47% - 38% - 3:20
PP Defense
1 - 59% - 64% - 4:11
2 - 41% - 36% - 2:54
PK Forward
1 - 72% - 60% - 7:07
2 - 28% - 40% - 2:48
PK Defense
1 - 48% - 60% - 4:44
2 - 52% - 40% - 5:11
PK3 Forward
1 - 0% - 60%
2 - 0% - 40%
PK3 Defense
1 - 0% - 60%
2 - 0% - 40%
44 Forward
1 - 0% - 60%
2 - 0% - 40%
44 Defense
1 - 0% - 60%
2 - 0% - 40%
Last Minute Offensive  - 0:00
Last Minute Defensive  - 0:00
Total
Forward - 60:00
Defense - 60:00

Play-by-Play

1st period


0:01 of 1st period - Tomas Hertl wins face-off versus Tyler Bertuzzi in neutral zone.
0:36 of 1st period - Shot by Nikita Kucherov.
0:36 of 1st period - Shot Misses the Net.
0:38 of 1st period - Shot by Kyle Connor.
0:38 of 1st period - Stopped by Anders Nilsson without a rebound.
0:39 of 1st period - Jamie Benn wins face-off versus Zach Hyman in CALGARY zone.
0:39 of 1st period - Jamie Benn is hit by Mats Zuccarello.
0:50 of 1st period - Brock Boeser is hit by Oliver Ekman-Larsson and loses puck.
0:58 of 1st period - Icing by Niklas Hjalmarsson.
0:59 of 1st period - Chris Tierney wins face-off versus Zach Hyman in MINNESOTA zone.
0:59 of 1st period - Blake Coleman is hit by Oliver Ekman-Larsson and loses puck.
1:33 of 1st period - Icing by Oliver Ekman-Larsson.
1:34 of 1st period - Jamie Benn wins face-off versus Zach Hyman in MINNESOTA zone.
1:42 of 1st period - Minor Penalty to Mitchell Marner for Interference.
1:43 of 1st period - Jamie Benn wins face-off versus Tomas Hertl in CALGARY zone.
1:56 of 1st period - Shot by Kyle Connor.
1:56 of 1st period - Deflect By Nikita Kucherov.
1:56 of 1st period - Stopped by Anders Nilsson without a rebound.
1:57 of 1st period - Jamie Benn wins face-off versus Tomas Hertl in CALGARY zone.
2:08 of 1st period - Shot by Nikita Kucherov.
2:08 of 1st period - Stopped by Anders Nilsson without a rebound.
2:09 of 1st period - Jamie Benn wins face-off versus Tomas Hertl in CALGARY zone.
2:31 of 1st period - Off-side.
2:32 of 1st period - Tomas Hertl wins face-off versus Chris Tierney in neutral zone.
2:35 of 1st period - Shot by Erik Karlsson.
2:35 of 1st period - Stopped by Anders Nilsson with a rebound.
3:01 of 1st period - Icing by Tanner Pearson.
3:02 of 1st period - Tomas Hertl wins face-off versus Blake Coleman in MINNESOTA zone.
3:20 of 1st period - Shot by Chris Tierney.
3:20 of 1st period - Stopped by Andrei Vasilevskiy with a rebound.
3:22 of 1st period - Shot by Mikhail Sergachev.
3:22 of 1st period - Shot Misses the Net.
3:51 of 1st period - Off-side.
3:52 of 1st period - Derick Brassard wins face-off versus Johan Larsson in neutral zone.
3:54 of 1st period - Rasmus Dahlin is hit by Niklas Hjalmarsson and loses puck.
4:05 of 1st period - Shot by Derick Brassard.
4:05 of 1st period - Shot Misses the Net.
4:07 of 1st period - Shot by Jaccob Slavin.
4:07 of 1st period - Stopped by Andrei Vasilevskiy with a rebound.
4:09 of 1st period - Shot by Derick Brassard.
4:09 of 1st period - Shot Misses the Net.
4:11 of 1st period - Shot by Drake Caggiula.
4:11 of 1st period - Goal by Drake Caggiula - MINNESOTA : 0 - CALGARY : 1.
4:12 of 1st period - Colin White wins face-off versus Patrik Laine in neutral zone.
4:35 of 1st period - Shot by Colin White.
4:35 of 1st period - Stopped by Anders Nilsson without a rebound.
4:36 of 1st period - Jamie Benn wins face-off versus Johan Larsson in CALGARY zone.
5:11 of 1st period - Shot by Matt Calvert.
5:11 of 1st period - Shot Blocked by Markus Nutivaara.
5:45 of 1st period - Shot by Elias Pettersson.
5:45 of 1st period - Goal by Elias Pettersson - MINNESOTA : 0 - CALGARY : 2.
5:46 of 1st period - Derick Brassard wins face-off versus Tomas Hertl in neutral zone.
5:55 of 1st period - Jaccob Slavin is hit by Nikita Kucherov and loses puck.
6:38 of 1st period - Kyle Connor is hit by Drake Caggiula and loses puck.
6:49 of 1st period - Derick Brassard is hit by Tomas Hertl and loses puck.
7:21 of 1st period - Shot by Elias Pettersson.
7:21 of 1st period - Shot Misses the Net.
7:37 of 1st period - Shot by Patrik Laine.
7:37 of 1st period - Shot Misses the Net.
7:39 of 1st period - Shot by Tyler Bertuzzi.
7:39 of 1st period - Shot Misses the Net.
8:07 of 1st period - Shot by Mitchell Marner.
8:07 of 1st period - Stopped by Andrei Vasilevskiy without a rebound.
8:08 of 1st period - Mitchell Marner wins face-off versus Zach Hyman in MINNESOTA zone.
8:08 of 1st period - Brock Boeser is hit by Oliver Ekman-Larsson and loses puck.
8:19 of 1st period - Shot by Mats Zuccarello.
8:19 of 1st period - Shot Misses the Net.
8:21 of 1st period - Shot by Zach Hyman.
8:21 of 1st period - Shot Misses the Net.
8:45 of 1st period - Shot by Tanner Pearson.
8:45 of 1st period - Shot Misses the Net.
9:06 of 1st period - Off-side.
9:07 of 1st period - Tyler Bertuzzi wins face-off versus Tomas Hertl in neutral zone.
9:17 of 1st period - Shot by Kyle Connor.
9:17 of 1st period - Stopped by Anders Nilsson without a rebound.
9:18 of 1st period - Chris Tierney wins face-off versus Johan Larsson in CALGARY zone.
9:25 of 1st period - Blake Coleman is hit by William Carrier and loses puck.
10:06 of 1st period - Chris Tierney is hit by Nikita Kucherov and loses puck.
10:11 of 1st period - Shot by Nikita Kucherov.
10:11 of 1st period - Deflect By Kyle Connor.
10:11 of 1st period - Shot Misses the Net.
10:13 of 1st period - Shot by Nikita Kucherov.
10:13 of 1st period - Stopped by Anders Nilsson with a rebound.
10:23 of 1st period - Shot by Kyle Connor.
10:23 of 1st period - Stopped by Anders Nilsson without a rebound.
10:24 of 1st period - Mats Zuccarello wins face-off versus Elias Pettersson in CALGARY zone.
10:39 of 1st period - Shot by Zach Hyman.
10:39 of 1st period - Stopped by Anders Nilsson with a rebound.
10:47 of 1st period - Shot by Zach Hyman.
10:47 of 1st period - Stopped by Anders Nilsson without a rebound.
10:48 of 1st period - Jamie Benn wins face-off versus Tomas Hertl in CALGARY zone.
10:48 of 1st period - Jamie Benn is hit by Nikita Kucherov.
10:49 of 1st period - Minor Penalty to Nikita Kucherov for Charging.
10:50 of 1st period - Elias Pettersson wins face-off versus Matt Calvert in MINNESOTA zone.
11:40 of 1st period - Niklas Hjalmarsson is hit by Brock Boeser and loses puck.
12:23 of 1st period - Shot by Tyler Bertuzzi.
12:23 of 1st period - Shot Misses the Net.
12:45 of 1st period - Shot by Markus Nutivaara.
12:45 of 1st period - Shot Misses the Net.
12:47 of 1st period - Shot by Patrik Laine.
12:47 of 1st period - Shot Misses the Net.
12:55 of 1st period - Shot by Derick Brassard.
12:55 of 1st period - Stopped by Andrei Vasilevskiy without a rebound.
12:56 of 1st period - Tomas Hertl wins face-off versus Derick Brassard in MINNESOTA zone.
13:09 of 1st period - Shot by Derick Brassard.
13:09 of 1st period - Goal by Derick Brassard - MINNESOTA : 0 - CALGARY : 3.
13:10 of 1st period - Chris Tierney wins face-off versus Zach Hyman in neutral zone.
13:20 of 1st period - Mats Zuccarello is hit by Blake Coleman and loses puck.
13:24 of 1st period - Niklas Hjalmarsson is hit by Jake Gardiner.
13:31 of 1st period - Minor Penalty to Mikhail Sergachev for Tripping.
13:32 of 1st period - Jamie Benn wins face-off versus Tomas Hertl in CALGARY zone.
13:49 of 1st period - Shot by Nikita Kucherov.
13:49 of 1st period - Shot Misses the Net.
14:50 of 1st period - Shot by Oliver Ekman-Larsson.
14:50 of 1st period - Stopped by Anders Nilsson without a rebound.
14:51 of 1st period - Tomas Hertl wins face-off versus Chris Tierney in CALGARY zone.
15:35 of 1st period - Off-side.
15:36 of 1st period - Matt Calvert wins face-off versus Tyler Bertuzzi in neutral zone.
15:57 of 1st period - Shot by Mikhail Sergachev.
15:57 of 1st period - Stopped by Andrei Vasilevskiy with a rebound.
16:32 of 1st period - Erik Karlsson is hit by Rasmus Dahlin and loses puck.
16:53 of 1st period - Shot by Drake Caggiula.
16:53 of 1st period - Deflect By Joel Kellman.
16:53 of 1st period - Stopped by Andrei Vasilevskiy without a rebound.
16:54 of 1st period - Jamie Benn wins face-off versus Tomas Hertl in MINNESOTA zone.
17:03 of 1st period - Shot by Kyle Connor.
17:03 of 1st period - Stopped by Anders Nilsson without a rebound.
17:04 of 1st period - Gerald Mayhew wins face-off versus Jamie Benn in CALGARY zone.
17:19 of 1st period - Shot by Dominik Kahun.
17:19 of 1st period - Shot Misses the Net.
17:21 of 1st period - Shot by Colin White.
17:21 of 1st period - Shot Blocked by Jamie Benn.
17:23 of 1st period - Shot by Brett Kulak.
17:23 of 1st period - Goal by Brett Kulak - MINNESOTA : 1 - CALGARY : 3.
17:24 of 1st period - Elias Pettersson wins face-off versus Tomas Hertl in neutral zone.
17:45 of 1st period - Shot by Patrik Laine.
17:45 of 1st period - Shot Misses the Net.
17:51 of 1st period - Shot by Kyle Connor.
17:51 of 1st period - Stopped by Anders Nilsson without a rebound.
17:52 of 1st period - Zach Hyman wins face-off versus Jamie Benn in CALGARY zone.
17:52 of 1st period - Zach Hyman is hit by Rasmus Dahlin.
18:16 of 1st period - Shot by Mitchell Marner.
18:16 of 1st period - Stopped by Andrei Vasilevskiy without a rebound.
18:17 of 1st period - Elias Pettersson wins face-off versus Kyle Connor in MINNESOTA zone.
19:39 of 1st period - Jaccob Slavin is hit by Zach Hyman and loses puck.
Goals for this period are 1 for MINNESOTA vs 3 for CALGARY.
Shots for this period are 14 for MINNESOTA vs 10 for CALGARY.

2nd period


0:01 of 2nd period - Tomas Hertl wins face-off versus Jamie Benn in neutral zone.
0:12 of 2nd period - Shot by Tomas Hertl.
0:12 of 2nd period - Shot Misses the Net.
0:20 of 2nd period - Shot by Kyle Connor.
0:20 of 2nd period - Shot Blocked by Jaccob Slavin.
0:22 of 2nd period - Shot by Kyle Connor.
0:22 of 2nd period - Stopped by Anders Nilsson without a rebound.
0:23 of 2nd period - Elias Pettersson wins face-off versus Colin White in CALGARY zone.
0:23 of 2nd period - Elias Pettersson is hit by Gerald Mayhew.
0:31 of 2nd period - Shot by Elias Pettersson.
0:31 of 2nd period - Shot Misses the Net.
1:18 of 2nd period - Off-side.
1:19 of 2nd period - Jamie Benn wins face-off versus Tomas Hertl in neutral zone.
1:35 of 2nd period - Off-side.
1:36 of 2nd period - Chris Tierney wins face-off versus Zach Hyman in neutral zone.
1:43 of 2nd period - Shot by Blake Coleman.
1:43 of 2nd period - Deflect By Chris Tierney.
1:43 of 2nd period - Shot Hit the Post.
1:45 of 2nd period - Shot by Markus Nutivaara.
1:45 of 2nd period - Shot Blocked by Torey Krug.
2:14 of 2nd period - Torey Krug is hit by Zach Bogosian and loses puck.
2:38 of 2nd period - Minor Penalty to Jamie Benn for Interference.
2:39 of 2nd period - Elias Pettersson wins face-off versus Tomas Hertl in CALGARY zone.
2:50 of 2nd period - Shot by Tomas Hertl.
2:50 of 2nd period - Stopped by Anders Nilsson without a rebound.
2:51 of 2nd period - Tomas Hertl wins face-off versus Elias Pettersson in CALGARY zone.
3:12 of 2nd period - Shot by Nikita Kucherov.
3:12 of 2nd period - Shot Blocked by Rasmus Dahlin.
3:14 of 2nd period - Shot by Kyle Connor.
3:14 of 2nd period - Stopped by Anders Nilsson without a rebound.
3:15 of 2nd period - Elias Pettersson wins face-off versus Tomas Hertl in CALGARY zone.
3:15 of 2nd period - Mikhail Sergachev is hit by Nikita Kucherov and loses puck.
4:01 of 2nd period - Shot by Zach Hyman.
4:01 of 2nd period - Stopped by Anders Nilsson without a rebound.
4:02 of 2nd period - Elias Pettersson wins face-off versus Tomas Hertl in CALGARY zone.
4:46 of 2nd period - Shot by Brock Boeser.
4:46 of 2nd period - Shot Hit the Post.
5:19 of 2nd period - Icing by Zach Bogosian.
5:20 of 2nd period - Jamie Benn wins face-off versus Johan Larsson in CALGARY zone.
5:54 of 2nd period - Icing by Jake Gardiner.
5:55 of 2nd period - Derick Brassard wins face-off versus Zach Hyman in CALGARY zone.
7:14 of 2nd period - Minor Penalty to Jamie Benn for Hooking.
7:15 of 2nd period - Tomas Hertl wins face-off versus Blake Coleman in CALGARY zone.
8:02 of 2nd period - Shot by Oliver Ekman-Larsson.
8:02 of 2nd period - Shot Hit the Post.
8:04 of 2nd period - Shot by Dominik Kahun.
8:04 of 2nd period - Shot Misses the Net.
8:06 of 2nd period - Shot by Mark Giordano.
8:06 of 2nd period - Stopped by Anders Nilsson without a rebound.
8:07 of 2nd period - Tomas Hertl wins face-off versus Elias Pettersson in CALGARY zone.
8:48 of 2nd period - Icing by Mark Giordano.
8:49 of 2nd period - Tomas Hertl wins face-off versus Elias Pettersson in MINNESOTA zone.
9:25 of 2nd period - Off-side.
9:26 of 2nd period - Derick Brassard wins face-off versus Colin White in neutral zone.
9:26 of 2nd period - Derick Brassard is hit by Colin White.
9:36 of 2nd period - Shot by Derick Brassard.
9:36 of 2nd period - Stopped by Andrei Vasilevskiy without a rebound.
9:37 of 2nd period - Jamie Benn wins face-off versus Zach Hyman in MINNESOTA zone.
9:43 of 2nd period - Jamie Benn is hit by Torey Krug and loses puck.
10:02 of 2nd period - Shot by Mitchell Marner.
10:02 of 2nd period - Deflect By Jamie Benn.
10:02 of 2nd period - Stopped by Andrei Vasilevskiy without a rebound.
10:03 of 2nd period - Colin White wins face-off versus Elias Pettersson in MINNESOTA zone.
10:03 of 2nd period - Colin White is hit by Elias Pettersson.
10:06 of 2nd period - Icing by Erik Karlsson.
10:07 of 2nd period - Elias Pettersson wins face-off versus Colin White in MINNESOTA zone.
10:19 of 2nd period - Erik Karlsson is hit by Mikhail Sergachev and loses puck.
10:39 of 2nd period - Patrik Laine is hit by Dominik Kahun and loses puck.
10:46 of 2nd period - Shot by Colin White.
10:46 of 2nd period - Shot Blocked by Tyler Bertuzzi.
10:48 of 2nd period - Shot by Gerald Mayhew.
10:48 of 2nd period - Shot Misses the Net.
11:15 of 2nd period - Elias Pettersson is hit by Oliver Ekman-Larsson.
11:51 of 2nd period - Shot by Brock Boeser.
11:51 of 2nd period - Shot Misses the Net.
11:53 of 2nd period - Shot by Mitchell Marner.
11:53 of 2nd period - Shot Blocked by Mats Zuccarello.
12:11 of 2nd period - Shot by Torey Krug.
12:11 of 2nd period - Shot Misses the Net.
12:14 of 2nd period - Icing by Zach Bogosian.
12:15 of 2nd period - Chris Tierney wins face-off versus Johan Larsson in CALGARY zone.
12:35 of 2nd period - Icing by Markus Nutivaara.
12:36 of 2nd period - Dominik Kahun wins face-off versus Chris Tierney in CALGARY zone.
13:12 of 2nd period - Icing by Niklas Hjalmarsson.
13:13 of 2nd period - Elias Pettersson wins face-off versus Colin White in MINNESOTA zone.
13:16 of 2nd period - Shot by Rasmus Dahlin.
13:16 of 2nd period - Stopped by Andrei Vasilevskiy without a rebound.
13:17 of 2nd period - Jamie Benn wins face-off versus Tomas Hertl in MINNESOTA zone.
14:08 of 2nd period - Nikita Kucherov is hit by Jake Gardiner and loses puck.
14:25 of 2nd period - Shot by Tanner Pearson.
14:25 of 2nd period - Shot Blocked by Mikhail Sergachev.
14:27 of 2nd period - Shot by Zach Hyman.
14:27 of 2nd period - Stopped by Anders Nilsson with a rebound.
14:29 of 2nd period - Shot by Mats Zuccarello.
14:29 of 2nd period - Shot Misses the Net.
14:31 of 2nd period - Shot by Zach Hyman.
14:31 of 2nd period - Shot Blocked by Mikhail Sergachev.
14:33 of 2nd period - Shot by Zach Hyman.
14:33 of 2nd period - Shot Misses the Net.
14:38 of 2nd period - Tanner Pearson is hit by Mikhail Sergachev and loses puck.
14:39 of 2nd period - Minor Penalty to Mikhail Sergachev for Roughing.
14:40 of 2nd period - Jamie Benn wins face-off versus Tomas Hertl in CALGARY zone.
15:32 of 2nd period - Shot by Nikita Kucherov.
15:32 of 2nd period - Shot Misses the Net.
16:41 of 2nd period - Shot by Oliver Ekman-Larsson.
16:41 of 2nd period - Shot Blocked by Jake Gardiner.
16:57 of 2nd period - Shot by Joel Kellman.
16:57 of 2nd period - Deflect By Derick Brassard.
16:57 of 2nd period - Stopped by Andrei Vasilevskiy without a rebound.
16:58 of 2nd period - Colin White wins face-off versus Elias Pettersson in MINNESOTA zone.
17:11 of 2nd period - Shot by Patrik Laine.
17:11 of 2nd period - Deflect By Tyler Bertuzzi.
17:11 of 2nd period - Stopped by Andrei Vasilevskiy without a rebound.
17:12 of 2nd period - Johan Larsson wins face-off versus Matt Nieto in MINNESOTA zone.
17:14 of 2nd period - Minor Penalty to William Carrier for Tripping.
17:15 of 2nd period - Elias Pettersson wins face-off versus Johan Larsson in MINNESOTA zone.
17:16 of 2nd period - Shot by Mikhail Sergachev.
17:16 of 2nd period - Stopped by Andrei Vasilevskiy with a rebound.
18:34 of 2nd period - Icing by Tyler Bertuzzi.
18:35 of 2nd period - Jamie Benn wins face-off versus Johan Larsson in CALGARY zone.
18:55 of 2nd period - Zach Hyman is hit by Tyler Bertuzzi and loses puck.
19:24 of 2nd period - Shot by Drake Caggiula.
19:24 of 2nd period - Shot Misses the Net.
19:26 of 2nd period - Shot by Drake Caggiula.
19:26 of 2nd period - Shot Misses the Net.
19:40 of 2nd period - Shot by Nikita Kucherov.
19:40 of 2nd period - Stopped by Anders Nilsson without a rebound.
19:41 of 2nd period - Chris Tierney wins face-off versus Colin White in CALGARY zone.
Goals for this period are 0 for MINNESOTA vs 0 for CALGARY.
Shots for this period are 7 for MINNESOTA vs 6 for CALGARY.

3rd period


0:01 of 3rd period - Jamie Benn wins face-off versus Tomas Hertl in neutral zone.
0:01 of 3rd period - Jaccob Slavin is hit by Kyle Connor and loses puck.
0:05 of 3rd period - Jaccob Slavin is hit by Kyle Connor.
0:20 of 3rd period - Brock Boeser is hit by Mark Giordano and loses puck.
0:28 of 3rd period - Off-side.
0:29 of 3rd period - Zach Hyman wins face-off versus Elias Pettersson in neutral zone.
0:31 of 3rd period - Oliver Ekman-Larsson is hit by Elias Pettersson and loses puck.
0:43 of 3rd period - Shot by Elias Pettersson.
0:43 of 3rd period - Goal by Elias Pettersson - MINNESOTA : 1 - CALGARY : 4.
0:44 of 3rd period - Derick Brassard wins face-off versus Colin White in neutral zone.
0:58 of 3rd period - Drake Caggiula is hit by Mark Giordano and loses puck.
1:36 of 3rd period - Icing by Mark Giordano.
1:37 of 3rd period - Colin White wins face-off versus Jamie Benn in MINNESOTA zone.
1:58 of 3rd period - Shot by Tomas Hertl.
1:58 of 3rd period - Shot Hit the Post.
2:08 of 3rd period - Shot by Nikita Kucherov.
2:08 of 3rd period - Stopped by Anders Nilsson without a rebound.
2:09 of 3rd period - Zach Hyman wins face-off versus Elias Pettersson in CALGARY zone.
3:12 of 3rd period - Shot by Nikita Kucherov.
3:12 of 3rd period - Stopped by Anders Nilsson without a rebound.
3:13 of 3rd period - Jamie Benn wins face-off versus Tomas Hertl in CALGARY zone.
5:06 of 3rd period - Shot by Matt Calvert.
5:06 of 3rd period - Shot Misses the Net.
5:08 of 3rd period - Shot by Brett Kulak.
5:08 of 3rd period - Shot Blocked by Zach Bogosian.
5:10 of 3rd period - Shot by Johan Larsson.
5:10 of 3rd period - Deflect By Matt Calvert.
5:10 of 3rd period - Shot Misses the Net.
5:12 of 3rd period - Shot by Torey Krug.
5:12 of 3rd period - Shot Misses the Net.
5:14 of 3rd period - Shot by William Carrier.
5:14 of 3rd period - Stopped by Anders Nilsson without a rebound.
5:15 of 3rd period - Elias Pettersson wins face-off versus Zach Hyman in CALGARY zone.
5:15 of 3rd period - Elias Pettersson is hit by Zach Hyman.
5:29 of 3rd period - Icing by Erik Karlsson.
5:30 of 3rd period - Zach Hyman wins face-off versus Derick Brassard in MINNESOTA zone.
5:52 of 3rd period - Off-side.
5:53 of 3rd period - Tomas Hertl wins face-off versus Elias Pettersson in neutral zone.
5:59 of 3rd period - Nikita Kucherov is hit by Mikhail Sergachev and loses puck.
6:09 of 3rd period - Elias Pettersson is hit by Oliver Ekman-Larsson and loses puck.
6:11 of 3rd period - Minor Penalty to Oliver Ekman-Larsson for Goalie Interference.
6:12 of 3rd period - Johan Larsson wins face-off versus Tyler Bertuzzi in MINNESOTA zone.
6:18 of 3rd period - Icing by Jaccob Slavin.
6:19 of 3rd period - Johan Larsson wins face-off versus Jamie Benn in CALGARY zone.
7:33 of 3rd period - Shot by Elias Pettersson.
7:33 of 3rd period - Deflect By Patrik Laine.
7:33 of 3rd period - Stopped by Andrei Vasilevskiy without a rebound.
7:34 of 3rd period - Johan Larsson wins face-off versus Elias Pettersson in MINNESOTA zone.
9:02 of 3rd period - Shot by Tomas Hertl.
9:02 of 3rd period - Stopped by Anders Nilsson with a rebound.
9:04 of 3rd period - Shot by Oliver Ekman-Larsson.
9:04 of 3rd period - Stopped by Anders Nilsson with a rebound.
10:54 of 3rd period - Shot by Elias Pettersson.
10:54 of 3rd period - Stopped by Andrei Vasilevskiy with a rebound.
10:56 of 3rd period - Shot by Jaccob Slavin.
10:56 of 3rd period - Stopped by Andrei Vasilevskiy with a rebound.
11:30 of 3rd period - Shot by Matt Nieto.
11:30 of 3rd period - Stopped by Andrei Vasilevskiy without a rebound.
11:31 of 3rd period - Chris Tierney wins face-off versus Colin White in MINNESOTA zone.
11:48 of 3rd period - Shot by Chris Tierney.
11:48 of 3rd period - Shot Misses the Net.
11:50 of 3rd period - Shot by Blake Coleman.
11:50 of 3rd period - Shot Misses the Net.
13:21 of 3rd period - Icing by Mark Giordano.
13:22 of 3rd period - Tomas Hertl wins face-off versus Drake Caggiula in MINNESOTA zone.
13:35 of 3rd period - Joel Kellman is hit by William Carrier and loses puck.
13:39 of 3rd period - Zach Bogosian is hit by William Carrier and loses puck.
13:50 of 3rd period - Derick Brassard is hit by Oliver Ekman-Larsson and loses puck.
13:53 of 3rd period - Shot by Drake Caggiula.
13:53 of 3rd period - Deflect By Derick Brassard.
13:53 of 3rd period - Shot Misses the Net.
14:48 of 3rd period - Patrik Laine is hit by Torey Krug and loses puck.
15:16 of 3rd period - Icing by Rasmus Dahlin.
15:17 of 3rd period - Elias Pettersson wins face-off versus Zach Hyman in CALGARY zone.
15:17 of 3rd period - Elias Pettersson is hit by Zach Hyman.
15:34 of 3rd period - Icing by Erik Karlsson.
15:35 of 3rd period - Tanner Pearson wins face-off versus Jamie Benn in MINNESOTA zone.
15:41 of 3rd period - Brock Boeser is hit by Erik Karlsson and loses puck.
16:53 of 3rd period - Shot by Kyle Connor.
16:53 of 3rd period - Deflect By Nikita Kucherov.
16:53 of 3rd period - Shot Blocked by Markus Nutivaara.
17:38 of 3rd period - Shot by Drake Caggiula.
17:38 of 3rd period - Deflect By Derick Brassard.
17:38 of 3rd period - Stopped by Andrei Vasilevskiy without a rebound.
17:39 of 3rd period - Johan Larsson wins face-off versus Elias Pettersson in MINNESOTA zone.
17:52 of 3rd period - Shot by Matt Calvert.
17:52 of 3rd period - Stopped by Anders Nilsson without a rebound.
17:53 of 3rd period - Derick Brassard wins face-off versus Colin White in CALGARY zone.
18:06 of 3rd period - Shot by Joel Kellman.
18:06 of 3rd period - Shot Misses the Net.
18:18 of 3rd period - Shot by Joel Kellman.
18:18 of 3rd period - Stopped by Andrei Vasilevskiy with a rebound.
18:22 of 3rd period - Shot by Drake Caggiula.
18:22 of 3rd period - Stopped by Andrei Vasilevskiy with a rebound.
18:24 of 3rd period - Shot by Joel Kellman.
18:24 of 3rd period - Stopped by Andrei Vasilevskiy without a rebound.
18:25 of 3rd period - Elias Pettersson wins face-off versus Tomas Hertl in MINNESOTA zone.
18:26 of 3rd period - Shot by Patrik Laine.
18:26 of 3rd period - Stopped by Andrei Vasilevskiy with a rebound.
18:51 of 3rd period - Minor Penalty to Mark Giordano for Hooking.
18:52 of 3rd period - Johan Larsson wins face-off versus Jamie Benn in MINNESOTA zone.
18:54 of 3rd period - Niklas Hjalmarsson is hit by Jamie Benn and loses puck.
19:04 of 3rd period - Off-side.
19:05 of 3rd period - Brock Boeser wins face-off versus Johan Larsson in neutral zone.
19:12 of 3rd period - Shot by Elias Pettersson.
19:12 of 3rd period - Stopped by Andrei Vasilevskiy without a rebound.
19:13 of 3rd period - Elias Pettersson wins face-off versus Johan Larsson in MINNESOTA zone.
19:24 of 3rd period - Shot by Elias Pettersson.
19:24 of 3rd period - Stopped by Andrei Vasilevskiy without a rebound.
19:25 of 3rd period - Johan Larsson wins face-off versus Jamie Benn in MINNESOTA zone.
Goals for this period are 0 for MINNESOTA vs 1 for CALGARY.
Shots for this period are 6 for MINNESOTA vs 12 for CALGARY.